 Dungeon Crawl Stone Soup version 0.23-a0-639-ga9a3373214 (webtiles) character file.

627 HereIgoKillingAgain the Cleaver (level 7, 0/57 HPs)
             Began as a Hill Orc Fighter on Dec 29, 2018.
             Slain by an orc
             ... wielding a +0 trident
              (10 damage)
             ... on level 4 of the Dungeon.
             The game lasted 00:03:01 (2910 turns).

HereIgoKillingAgain the Cleaver (Hill Orc Fighter)  Turns: 2910, Time: 00:03:02

Health: 0/57       AC:  0    Str: 21    XL:     7   Next: 48%
Magic:  7/7        EV:  9    Int:  8    God:
Gold:   205        SH:  0    Dex: 10    Spells: 6/6 levels left

rFire    . . .     SeeInvis .   a - +0 war axe
rCold    . . .     Gourm    .   (no shield)
rNeg     + . .     Faith    .   b - +1 scale mail
rPois    .         Spirit   .   (no helmet)
rElec    .         Reflect  .   (no cloak)
rCorr    .         Harm     .   (no gloves)
MR       .....                  (no boots)
Stlth    ..........             (no amulet)
HPRegen  0.19/turn              h - ring of positive energy
MPRegen  0.10/turn              (no ring)

@: corroded
A: no striking features
a: no special abilities


You were on level 4 of the Dungeon.
You were not hungry.

You visited 1 branch of the dungeon, and saw 4 of its levels.

You collected 205 gold pieces.

Inventory:

Hand Weapons
 a - a +0 war axe (weapon)
Armour
 b - a +1 scale mail (worn)
Jewellery
 h - a ring of positive energy (left hand)
Scrolls
 j - a scroll of enchant armour
 o - 3 scrolls of remove curse
Potions
 e - a potion of agility {unknown}
 i - a potion of curing
 k - a potion of invisibility {unknown}
 l - 3 potions of brilliance
 n - a potion of resistance {unknown}
 q - a potion of berserk rage
Comestibles
 f - 6 rations


   Skills:
 - Level 3.6 Fighting
 + Level 10.5 Axes
 - Level 3.2 Armour
   Level 3.2 Shields


You had 6 spell levels left.
You didn't know any spells.
Your spell library was empty.

Dungeon Overview and Level Annotations

Branches:
Dungeon (4/15)
 Temple: D:4-7

Altars:


Message History

The orc hits you from afar with a +0 trident.
* * * LOW HITPOINT WARNING * * *
You slash the ogre!
You kill the ogre!
The orc hits you but does no damage.
You aren't carrying any items that you can evoke.
As you read the scroll labeled QINUAM TEAWKESUY, it crumbles to dust.
The scroll dissolves into smoke.
It was a scroll of fog.
The jelly hits you.
* * * LOW HITPOINT WARNING * * *
The acid corrodes you!
You are splashed with acid!
The acid burns!
* * * LOW HITPOINT WARNING * * *
The orc hits you from afar with a +0 trident.
* * * LOW HITPOINT WARNING * * *
You feel better. The jelly barely misses you.
You feel better. The jelly hits you.
* * * LOW HITPOINT WARNING * * *
The acid corrodes you!
You are splashed with acid!
The acid burns!
* * * LOW HITPOINT WARNING * * *
The orc hits you from afar with a +0 trident!
You die...

..# .... #.#
#.# .....
#.## #.#
#####...#
...######.#
#§§§)...#
#..#....#.#
#§###.###
.†.#.##.#.#
#o#.# #
...#.#..#.#
#§§o#
.....#.##.#
####J#
...###.##.##
#..@.# #..#
#.....#
#.####
#..######..#
#.#
#..........#
#.#
#.########.#
#.# #. #.#
#.# ..
#.###.#
#.....#
#######


You could see a jelly and an orc.

Vanquished Creatures
  Sigmund (D:2)
  An ogre (D:4)
  Blork the orc (D:4)
  2 orc priests (D:3)
  3 orc wizards
  Terence (D:2)
  A worker ant (D:4)
  4 gnolls (D:2)
  2 adders
  A worm (D:2)
  3 dart slugs
  4 leopard geckos
  9 orcs
  6 giant cockroaches
  6 goblins
  5 hobgoblins
  A jackal (D:2)
  3 bats
  2 frilled lizards
  4 kobolds
  3 rats
63 creatures vanquished.

Notes
Turn   | Place    | Note
-------+----------+-------------------------------------------
     0 | D:1      | HereIgoKillingAgain the Hill Orc Fighter began the quest
                  | for the Orb.
     0 | D:1      | Reached XP level 1. HP: 19/19 MP: 1/1
    28 | D:1      | Reached skill level 3 in Axes
   146 | D:1      | Reached XP level 2. HP: 26/26 MP: 2/2
   257 | D:1      | Reached skill level 4 in Axes
   790 | D:2      | Reached XP level 3. HP: 17/31 MP: 3/3
   792 | D:2      | Reached skill level 5 in Axes
   797 | D:2      | Reached XP level 4. HP: 18/39 MP: 4/4
  1050 | D:2      | Noticed Terence
  1066 | D:2      | Killed Terence
  1066 | D:2      | Reached skill level 6 in Axes
  1172 | D:2      | Noticed Sigmund
  1181 | D:2      | Killed Sigmund
  1181 | D:2      | Reached skill level 8 in Axes
  1181 | D:2      | Reached XP level 5. HP: 45/45 MP: 5/5
  1181 | D:2      | Reached XP level 6. HP: 51/51 MP: 6/6
  2014 | D:3      | Reached skill level 9 in Axes
  2811 | D:4      | Noticed Blork the orc
  2818 | D:4      | Killed Blork the orc
  2818 | D:4      | Reached XP level 7. HP: 49/57 MP: 7/7
  2834 | D:4      | Reached skill level 10 in Axes
  2904 | D:4      | HP: 2/57 [orc/+0 trident (5)]
  2910 | D:4      | Slain by an orc

Vault maps used:
D:1:      lightli_arrival_flooded_house, minmay_misc_feat_secret_circle
D:2:      hex_tiny, minmay_pentomino_o4, uniq_terence, uniq_sigmund
D:4:      minmay_spotlight, uniq_blork_the_orc

Skill      XL: |  1  2  3  4  5  6  7 |
---------------+----------------------+-----
Axes           | 3 4 5 8 9 10 | 10.5
Fighting       | |  3.6
Armour         | |  3.2
Shields        | |  3.2

Action                   |  1- 3 |  4- 6 |  7- 9 || total
-------------------------+-------+-------+-------++-------
Melee: War axe           |    66 |   132 |    23 ||   221
       Whip              |    10 |       |       ||    10
  Use: Potion            |     1 |     1 |     3 ||     5
       Scroll            |       |     9 |     1 ||    10
  Eat: Chunk             |       |     3 |       ||     3
       Ration            |       |     1 |       ||     1
Armor: Scale mail        |    35 |    65 |    11 ||   111
Dodge: Dodged            |    36 |    65 |    12 ||   113
Block: Shield            |     2 |       |       ||     2

Table legend:
 A = Non-vault XP
 B = Vault XP
 C = Vault XP percentage of total XP
 D = Non-vault monster count
 E = Vault monster count
 F = Vault count percentage of total count
                 A         B        C        D         E       F
            +---------+---------+-------+---------+---------+-------
      Total |     536 |     361 |  40.2 |      56 |       7 |  11.1
            +---------+---------+-------+---------+---------+-------
        D:1 |      25 |       0 |   0.0 |      13 |       0 |   0.0
        D:2 |      93 |     271 |  74.5 |      13 |       6 |  31.6
        D:3 |     222 |       0 |   0.0 |      24 |       0 |   0.0
        D:4 |     196 |      90 |  31.5 |       6 |       1 |  14.3
            +---------+---------+-------+---------+---------+-------
